 Dungeon Crawl Stone Soup version 0.30-b1-2-g02819fbbbe (webtiles) character file.

Game seed: 17424080381788832272

15 nightchill the Shooter (level 2, 20/20 HPs)
             Began as a Gnoll Wanderer on Sept 19, 2023.
             Quit the game on level 1 of the Dungeon.
             The game lasted 00:02:38 (427 turns).

nightchill the Shooter (Gnoll Wanderer)              Turns: 427, Time: 00:02:39

Health: 20/20      AC:  4    Str:  9    XL:     2   Next: 50%
Magic:  3/3        EV: 13    Int:  8    God:
Gold:   15         SH:  0    Dex: 16    Spells: 2/2 levels left

rFire   . . .        a - +2 sling
rCold   . . .        (no shield)
rNeg    . . .        e - +0 leather armour
rPois   .            (no helmet)
rElec   .            c - +0 cloak
rCorr   .            (no gloves)
SInv    .            (no boots)
Will    .....        h - amulet of regeneration
Stlth   +            (no ring)
HPRegen 1.03/turn    (no ring)
MPRegen 0.08/turn

%: no passive effects
@: no status effects
A: fangs 1, strong nose, distributed training
a: no special abilities


You were on level 1 of the Dungeon.
You visited 1 branch of the dungeon, and saw 1 of its levels.

You collected 15 gold pieces.

Inventory:

Hand Weapons
 a - a +2 sling (weapon)
 b - a +0 spear
 i - a +0 short sword
Armour
 c - a +0 cloak (worn)
 e - a +0 leather armour (worn)
Jewellery
 h - an amulet of regeneration (around neck)
Scrolls
 f - a scroll of fear {unknown}
 j - a scroll of enchant armour {unknown}
 k - a scroll of blinking {unknown}
 l - a scroll of enchant weapon {unknown}
Potions
 d - a potion of invisibility
 g - a potion of ambrosia {unknown}


   Skills:
 + Level 0.5 Fighting
 + Level 0.5 Short Blades
 + Level 0.5 Long Blades
 + Level 0.5 Axes
 + Level 0.5 Maces & Flails
 + Level 6.5 Polearms
 + Level 0.5 Staves
 + Level 6.5 Ranged Weapons
 + Level 0.5 Throwing
 + Level 2.5 Armour
 + Level 4.5 Dodging
 + Level 0.5 Stealth
 + Level 0.5 Shields
 + Level 0.5 Unarmed Combat
 + Level 0.5 Spellcasting
 + Level 0.3 Conjurations
 + Level 0.3 Hexes
 + Level 0.3 Summonings
 + Level 0.3 Necromancy
 + Level 0.3 Translocations
 + Level 0.3 Transmutations
 + Level 0.3 Fire Magic
 + Level 0.3 Ice Magic
 + Level 0.3 Air Magic
 + Level 0.3 Earth Magic
 + Level 0.3 Poison Magic
 + Level 2.5 Invocations
 + Level 0.5 Evocations


You had 2 spell levels left.
You didn't know any spells.
Your spell library contained the following spells:

 Spells                   Type           Power      Damage    Failure   Level
 Summon Small Mammal      Summ           0%         N/A       45%         1
 Call Canine Familiar     Summ           0%         N/A       83%         3
 Summon Guardian Golem    Hex/Summ       0%         N/A       83%         3


Dungeon Overview and Level Annotations

Branches:
Dungeon (1/15)

Altars:


Innate Abilities, Weirdness & Mutations

You have very sharp teeth.
Your uncanny sense of smell can sniff out nearby items.
Your experience applies equally to all skills.


Message History

You kill the endoplasm!
No target in view!
No target in view!
There is an open door here.
A goblin comes into view. It is wielding a +0 dagger.
Found a glowing scarf.
No target in view!
No target in view!
The goblin shouts!
You shoot a sling bullet. The sling bullet hits the goblin.
You kill the goblin!
No target in view!
No target in view!
l - a scroll labelled CEFOMA TIEL You pick up a book of Callings and begin reading...
You add the spells Summon Small Mammal, Call Canine Familiar and Summon Guardian Golem to your library.
You don't know any spells.
Unknown command.
A ball python comes into view.
The ball python hisses angrily.
Fire: a) +2 sling
Press: ? - help, Q - select action Shift-Dir - straight line, f - ball python
Aim: a ball python (60% to hit)
You shoot a sling bullet.
The sling bullet completely misses the ball python.
Fire: a) +2 sling
Press: ? - help, Q - select action Shift-Dir - straight line, f/p - ball python
Aim: a ball python (60% to hit)
You shoot a sling bullet. The sling bullet hits the ball python!
You kill the ball python!
Fire: a) +2 sling
Press: ? - help, Q - select action Shift-Dir - straight line, f - you Really target yourself? [Y]es or [N]o only, please.
Really target yourself? [Y]es or [N]o only, please.
Really target yourself?
Okay, then.
You see here a scarf of repulsion.
Are you sure you want to abandon this character and quit the game? (Confirm with "yes".)

#####.........##...###.#######.#
# #...########...# #.........#
## #...# ##### #..######## .##
############### #..##### ..##
.........# #......# # ≈..#
.........# #..###.#.#.# ≈≈§#
......†..# #..........# ≈≈§#
.........# #.##.....### §§.#
.......@.####'######## §§.#
.......)...........# ..##
########...........# ..#
#...........# ### #...........#
####### #...........# #.....#
#...........# #.....#
######+###### #.....#


There were no monsters in sight!

Vanquished Creatures
  A ball python (D:1)
  4 endoplasms (D:1)
  A kobold (D:1)
  A quokka (D:1)
  A frilled lizard (D:1)
  4 goblins (D:1)
12 creatures vanquished.

Notes
Turn   | Place    | Note
-------+----------+-------------------------------------------
     0 | D:1      | nightchill the Gnoll Wanderer began the quest for the Orb.
     0 | D:1      | nightchill set off with the following items: a +2 sling, a
                  | +0 spear, a +0 cloak, a potion of invisibility, a +0
                  | leather armour.
     0 | D:1      | Reached XP level 1. HP: 13/13 MP: 2/2
    42 | D:1      | Found a faded altar of an unknown god.
   249 | D:1      | Reached XP level 2. HP: 19/19 MP: 3/3
   427 | D:1      | Quit the game

Illustrated notes

Levels and vault maps discovered:
D:1:      dpeg_arrival_pits, layout_basic, ebering_ecumenical_altar_hall

Action                     || total
---------------------------++-------
  Melee: Spear             ||     6
   Fire: Sling             ||    23
 Armour: Leather armour    ||     1
  Dodge: Dodged            ||     4
